Map: Simulacrum LE

Players

FrameSticker

  • Race: Protoss Protoss
  • League: Diamond
  • Spawn Location: 5:00

Kilkenny - Winner!

  • Race: Terran Terran
  • League: Diamond
  • Spawn Location: 11:00

VOD

Have the link to the VOD?

Description

Time

  • Played on: March 29, 2020, 3:25 p.m.
  • Length: 11:01
Show
View Real Time Build Order
Export as new Build Order

FrameSticker Protoss 

Build Orders: 1 Gate Expand, Colossus Rush 

Get SALT Encoding   

  12  0:01  Probe  
  13  0:13  Probe  
  14  0:17  Pylon  
  14  0:25  Probe (Chrono Boost)  
  15  0:37  Probe (Chrono Boost)  
  15  0:38  Gateway  
  16  0:44  Probe (Chrono Boost)  
  16  0:48  Assimilator  
  17  0:51  Probe  
  18  1:03  Probe  
  19  1:15  Probe  
  20  1:28  Nexus  
  20  1:40  Cybernetics Core  
  20  1:49  Assimilator  
  20  1:52  Probe  
  21  1:56  Pylon  
  21  2:04  Probe  
  22  2:13  Adept (Chrono Boost)  
  22  2:16  Probe, Warp Gate  
  25  2:26  Robotics Facility  
  25  2:28  Probe  
  26  2:36  Stalker  
  28  2:40  Probe (Chrono Boost)  
  28  2:42  Probe (Chrono Boost)  
  30  2:51  Probe x2 (Chrono Boost)  
  32  2:55  Probe (Chrono Boost)  
  32  2:56  Probe (Chrono Boost)  
  34  3:06  Probe  
  34  3:09  Twilight Council, Probe  
  36  3:15  Observer  
  36  3:18  Probe  
  38  3:22  Probe, Pylon  
  39  3:30  Probe  
  39  3:34  Probe  
  41  3:41  Observer  
  42  3:43  Probe  
  42  3:45  Gateway  
  42  3:46  Probe, Gateway  
  46  3:55  Probe  
  47  3:58  Assimilator  
  47  4:01  Probe, Assimilator  
  46  4:04  Observer  
  46  4:08  Robotics Bay  
  46  4:09  Pylon  
  47  4:11  Stalker  
  47  4:16  Probe  
  47  4:17  Probe  
  51  4:20  Pylon  
  51  4:32  Gateway  
  51  4:38  Stalker  
  53  4:41  Sentry x2  
  53  4:45  Nexus  
  57  4:57  Colossus (Chrono Boost)  
  57  5:06  Forge  
  63  5:07  Forge  
  63  5:08  Pylon  
  63  5:13  Blink  
  62  5:21  Stalker  
  61  5:47  Probe  
  61  5:49  Probe  
  63  5:59  Probe x2  
  65  6:04  Colossus (Chrono Boost)  
  65  6:10  Probe  
  73  6:11  Probe (Chrono Boost)  
  73  6:12  Probe (Chrono Boost)  
  74  6:18  Extended Thermal Lance  
  74  6:22  Probe (Chrono Boost)  
  74  6:23  Probe (Chrono Boost)  
  74  6:24  Protoss Ground Weapons Level 1 (Chrono Boost)  
  77  6:26  Probe (Chrono Boost)  
  77  6:27  Protoss Ground Armor Level 1 (Chrono Boost)  
  77  6:31  Probe (Chrono Boost)  
  78  6:34  Probe (Chrono Boost)  
  78  6:35  Probe (Chrono Boost)  
  80  6:40  Observer  
  80  6:46  Probe x2  
  82  6:47  Probe  
  82  6:48  Colossus (Chrono Boost)  
  82  6:52  Observer  
  82  6:53  Pylon  
  89  6:55  Pylon  
  89  7:01  Pylon  
  89  7:04  Stalker  
  89  7:06  Probe x2  
  89  7:07  Pylon  
  93  7:16  Probe  
  93  7:19  Assimilator  
  93  7:21  Stalker x2  
  93  7:22  Assimilator  
  98  7:23  Stalker  
  98  7:24  Pylon  
  98  7:25  Probe x2 (Chrono Boost)  
  95  7:31  Probe (Chrono Boost)  
  97  7:37  Probe (Chrono Boost)  
  97  7:38  Stalker  
  99  7:44  Probe x2 (Chrono Boost)  
  99  7:45  Shield Battery  
  99  7:46  Shield Battery  
  99  7:48  Shield Battery  
  99  7:50  Sentry x2  
  103  8:08  Stalker x2  
  102  8:16  Stalker x2  
  104  8:31  Probe x2  
  104  8:34  Stalker x2  
  102  8:43  Probe x2  
  104  8:56  Charge, Templar Archives  
  104  9:00  Probe  
  105  9:09  Gateway  
  105  9:11  Pylon, Gateway  
  105  9:14  Gateway  
  105  9:15  Zealot x4  
  105  9:17  Gateway  
  113  9:31  Gateway  
  113  9:32  Gateway  
  113  9:34  Gateway  
  113  9:36  Stalker x2  
  113  9:37  Stalker x2  
  113  9:38  Gateway  
  121  9:39  Gateway  
  67  10:02  Stalker x4  
  58  10:08  Probe x3  
  58  10:13  Stalker x2  
  43  10:30  Stalker x3  
  44  10:36  Probe  
  27  10:50  Stalker  
Show
View Real Time Build Order
Export as new Build Order

Kilkenny Terran - Winner!

Build Orders: Reaper Expand 

Get SALT Encoding   

  12  0:01  SCV  
  13  0:13  SCV  
  14  0:17  Supply Depot  
  14  0:25  SCV  
  15  0:38  SCV  
  15  0:40  Barracks  
  16  0:46  Refinery  
  16  0:50  SCV  
  17  1:03  SCV  
  18  1:15  SCV  
  19  1:27  Orbital Command  
  19  1:28  Reaper  
  20  1:47  Command Center  
  20  1:53  SCV  
  21  1:59  Supply Depot  
  21  2:06  SCV  
  22  2:23  Factory  
  22  2:25  Bunker  
  22  2:27  Marine  
  22  2:29  SCV  
  24  2:35  Refinery  
  24  2:41  SCV  
  25  2:46  Barracks Reactor  
  25  2:53  SCV  
  26  3:00  Orbital Command  
  26  3:05  SCV  
  26  3:08  Starport  
  27  3:17  SCV  
  28  3:27  SCV  
  28  3:30  SCV, Widow Mine, Barracks Tech Lab  
  28  3:31  Widow Mine  
  34  3:41  SCV  
  35  3:42  SCV  
  35  3:45  Barracks  
  35  3:48  Barracks  
  36  3:49  Medivac  
  36  3:51  Supply Depot  
  36  3:52  Widow Mine x2  
  42  3:55  SCV  
  42  3:56  SCV  
  42  4:00  Stimpack  
  44  4:08  SCV x2  
  46  4:20  SCV x2, Starport Reactor  
  48  4:28  Factory Tech Lab  
  48  4:32  SCV x2  
  50  4:41  Supply Depot  
  50  4:44  SCV x2  
  52  4:47  Engineering Bay, Barracks  
  52  4:48  Refinery, Marine x2, Barracks  
  52  4:49  Refinery  
  54  4:57  Factory Tech Lab  
  54  5:02  SCV x2, Medivac  
  54  5:03  Supply Depot, Marauder  
  60  5:11  Supply Depot  
  60  5:14  SCV x2  
  62  5:27  SCV  
  61  5:37  SCV  
  61  5:39  SCV  
  63  5:43  Marauder x2, Marine x2  
  63  5:44  Barracks Reactor, Barracks Tech Lab  
  63  5:45  Supply Depot  
  63  5:46  Terran Infantry Weapons Level 1  
  63  5:47  Supply Depot  
  63  5:49  Engineering Bay  
  67  5:52  SCV x2  
  67  5:55  Medivac  
  67  5:56  Medivac  
  73  5:57  Siege Tank  
  73  6:01  Marine x2  
  78  6:06  Concussive Shells  
  78  6:07  Marauder, Marine x2  
  78  6:11  Supply Depot  
  82  6:12  Supply Depot  
  82  6:15  Terran Infantry Armor Level 1  
  82  6:19  Marine x2  
  82  6:25  Combat Shield, Marine  
  85  6:28  Marine x4  
  89  6:36  Supply Depot x2  
  89  6:37  Marine x2  
  91  6:42  Marine  
  91  6:46  Marine x2, Liberator  
  97  6:48  Siege Tank  
  97  6:49  Marine x2  
  102  6:55  Marine x2  
  102  6:59  SCV x2  
  102  7:00  Missile Turret  
  106  7:01  Supply Depot  
  106  7:04  Marine x3  
  106  7:06  Marine  
  106  7:07  Liberator  
  113  7:15  Marine x3  
  116  7:22  Marine x3  
  119  7:32  Siege Tank  
  122  7:38  Marine x4  
  122  7:40  Marine x2, Liberator  
  122  7:43  Supply Depot  
  131  7:49  Armory  
  131  7:50  Marine  
  132  7:55  Marine x2  
  132  7:56  Marine x2  
  132  7:58  Marine x2  
  138  8:04  Siege Tank  
  131  8:08  Marine, Liberator  
  132  8:13  Marine x2  
  132  8:14  Marauder x2  
  132  8:15  Marine  
  132  8:16  Marine  
  107  8:36  Liberator  
  107  8:38  Marauder, Marine x4  
  110  8:51  Liberator  
  110  8:52  Marine x2  
  115  8:56  Marine x3  
  115  8:59  Command Center  
  118  9:07  Marine x2  
  118  9:09  Marine x2  
  120  9:14  Marine x3  
  125  9:19  Liberator  
  128  9:25  Marine x2  
  128  9:27  Marine x2  
  132  9:34  Liberator  
  129  9:51  Marine x7  
  109  10:08  Marine x2  
  109  10:09  Marine x5  
  113  10:16  Liberator  
  113  10:17  Siege Tank, Liberator  
  121  10:26  Marine x3  
  121  10:27  Marine x4  
Tags
 
Add a new tag
Caveats
  • Supply blocks, unpowered buildings, or Contaminate may cause inaccurate times.
  • Supply counts are checked every 10 seconds.